Map: Ice Cliffs

Players

ErTractor

  • Race: Terran Terran
  • League: Gold

Henrik

  • Race: Protoss Protoss
  • League: Gold

Princ

  • Race: Protoss Protoss
  • League: Gold

JohnMcClane - Winner!

  • Race: Zerg Zerg
  • League: Silver

JackONeill - Winner!

  • Race: Zerg Zerg

Hindulaatti - Winner!

  • Race: Terran Terran
  • League: Diamond

VOD

Have the link to the VOD?

Description

Time

  • Played on: Jan. 20, 2016, 3:48 a.m.
  • Length: 5:54
Show
View Real Time Build Order
Export as new Build Order

ErTractor Terran 

Build Orders:  

Get SALT Encoding   

  12  0:01  SCV  
  13  0:13  SCV  
  14  0:19  Supply Depot  
  14  0:26  SCV  
  15  0:42  Refinery, Barracks  
  15  0:45  SCV  
  16  0:57  SCV  
  17  1:09  SCV  
  18  1:28  Command Center  
  18  1:36  Marine  
  19  1:42  Orbital Command  
  19  1:54  Factory  
  19  1:58  Marine  
  20  2:06  Refinery  
  20  2:12  SCV  
  21  2:22  Marine  
  19  2:25  SCV  
  20  2:37  Barracks  
  20  2:41  Barracks  
  19  2:48  Supply Depot  
  9  4:12  Orbital Command  
  8  4:48  Orbital Command  
Show
View Real Time Build Order
Export as new Build Order

Henrik Protoss 

Build Orders: 1 Gate Expand, Oracle Opening 

Get SALT Encoding   

  12  0:01  Probe (Chrono Boost)  
  13  0:12  Probe (Chrono Boost)  
  14  0:18  Pylon  
  14  0:22  Probe (Chrono Boost)  
  15  0:28  Assimilator  
  15  0:39  Gateway  
  16  0:43  Probe (Chrono Boost)  
  16  0:53  Probe (Chrono Boost)  
  17  1:04  Probe (Chrono Boost)  
  18  1:14  Probe (Chrono Boost)  
  19  1:32  Nexus  
  19  1:38  Cybernetics Core  
  19  1:41  Probe (Chrono Boost)  
  20  1:49  Assimilator  
  20  1:53  Probe (Chrono Boost)  
  21  1:57  Pylon  
  21  2:03  Probe (Chrono Boost)  
  22  2:14  Probe (Chrono Boost)  
  23  2:17  Stargate  
  23  2:25  Mothership Core (Chrono Boost)  
  25  2:30  Pylon  
  25  2:36  Stalker (Chrono Boost)  
  27  2:48  Probe  
  27  2:49  Probe  
  29  3:01  Probe  
  33  3:23  Oracle (Chrono Boost)  
  33  3:33  Pylon x2  
  33  3:43  Stalker (Chrono Boost)  
  33  3:52  Pylon  
  33  3:58  Oracle (Chrono Boost)  
  36  4:11  Stalker (Chrono Boost)  
  34  4:30  Gateway  
  31  4:39  Stalker (Chrono Boost)  
  30  4:57  Void Ray  
  30  5:19  Mothership Core  
  30  5:23  Stalker x2  
Show
View Real Time Build Order
Export as new Build Order

Princ Protoss 

Build Orders:  

Get SALT Encoding   

  12  0:01  Probe (Chrono Boost)  
  13  0:16  Pylon  
  13  0:20  Probe (Chrono Boost)  
  14  0:30  Probe (Chrono Boost)  
  15  0:40  Forge  
  15  0:44  Probe (Chrono Boost)  
  16  0:55  Probe (Chrono Boost)  
  17  1:08  Pylon  
  17  1:39  Gateway  
  18  1:40  Probe (Chrono Boost)  
  18  1:41  Photon Cannon  
  17  1:50  Probe (Chrono Boost)  
  18  2:01  Probe (Chrono Boost)  
  18  2:11  Probe (Chrono Boost)  
  18  2:14  Pylon  
  19  2:16  Assimilator  
  19  2:21  Assimilator  
  19  2:22  Nexus  
  19  2:23  Probe (Chrono Boost)  
  20  2:33  Probe (Chrono Boost)  
  20  2:35  Pylon  
  22  2:44  Probe (Chrono Boost)  
  22  2:49  Pylon  
  22  2:54  Probe (Chrono Boost)  
  23  2:59  Cybernetics Core  
  23  3:05  Probe (Chrono Boost)  
  24  3:11  Zealot  
  26  3:26  Photon Cannon  
  26  3:29  Photon Cannon  
  26  3:35  Probe (Chrono Boost)  
  26  3:40  Mothership Core (Chrono Boost)  
  29  3:42  Warp Gate  
  29  3:46  Probe (Chrono Boost)  
  30  3:56  Probe (Chrono Boost)  
  30  3:57  Photon Cannon  
  31  4:07  Probe (Chrono Boost)  
  32  4:18  Probe (Chrono Boost)  
  32  4:20  Photon Cannon  
  30  4:44  Photon Cannon  
  25  4:57  Adept  
  27  5:13  Pylon  
  25  5:42  Gateway  
  25  5:43  Gateway  
  25  5:46  Gateway  
Show
View Real Time Build Order
Export as new Build Order

JohnMcClane Zerg - Winner!

Build Orders: Pool First 

Get SALT Encoding   

  12  0:01  Drone  
  13  0:10  Drone  
  14  0:19  Extractor  
  14  0:20  Extractor  
  14  0:21  Drone  
  13  0:23  Drone  
  16  0:29  Overlord  
  16  0:47  Spawning Pool  
  16  0:49  Drone  
  16  0:51  Drone  
  17  1:03  Drone  
  18  1:16  Overlord  
  18  1:17  Drone  
  19  1:33  Queen  
  19  1:35  Zergling x2  
  22  1:50  Hatchery  
  21  1:57  Extractor  
  21  1:59  Drone x2  
  22  2:08  Zergling x2  
  23  2:19  Zergling x2  
  24  2:24  Zergling x2  
  25  2:35  Zergling x2  
  26  2:37  Queen  
  28  2:45  Overlord  
  28  3:01  Zergling x4  
  30  3:06  Metabolic Boost  
  30  3:14  Zergling x8  
  33  3:20  Spore Crawler  
  33  3:21  Spore Crawler  
  31  3:30  Drone x2  
  33  3:46  Drone x6  
  39  4:05  Lair, Extractor  
  34  4:19  Drone x6  
  40  4:41  Drone x3  
  43  4:45  Overlord  
  43  4:46  Overlord  
  41  4:59  Zergling x2  
  44  5:00  Zergling x4  
  44  5:03  Overlord x3, Extractor x2  
  39  5:29  Drone x8  
  39  5:33  Spire  
Show
View Real Time Build Order
Export as new Build Order

JackONeill Zerg - Winner!

Build Orders: Pool First 

Get SALT Encoding   

  12  0:01  Drone  
  13  0:08  Drone  
  14  0:17  Extractor  
  14  0:18  Drone  
  15  0:31  Spawning Pool  
  14  0:39  Overlord  
  14  0:45  Extractor  
  14  0:46  Drone  
  14  0:47  Extractor  
  14  0:49  Drone  
  16  1:18  Zergling x4  
  16  1:19  Zergling x2, Queen  
  21  1:44  Zergling x4, Hatchery  
  22  1:52  Overlord  
  22  1:55  Extractor  
  22  2:00  Extractor  
  22  2:01  Queen  
  22  2:19  Zergling x4  
  24  2:34  Zergling x8  
  28  2:44  Zergling x2  
  29  2:54  Zergling x2  
  29  2:58  Queen  
  31  2:59  Drone  
  32  3:17  Drone, Spore Crawler  
  32  3:18  Drone x2  
  32  3:19  Drone x3  
  30  3:34  Zergling x4  
  30  3:40  Drone  
  30  3:41  Drone x3  
  35  3:43  Spore Crawler  
  35  3:46  Overlord  
  34  4:01  Drone  
  34  4:02  Overlord  
  34  4:16  Zergling x4  
  37  4:17  Zergling x10  
  37  4:18  Zergling x2  
  42  4:26  Roach Warren  
  42  4:27  Drone  
  42  4:29  Drone  
  43  4:35  Drone x2  
  45  4:44  Overlord  
  45  4:50  Overlord  
  45  5:03  Drone x2  
  45  5:04  Drone x4  
  51  5:08  Extractor  
Show
View Real Time Build Order
Export as new Build Order

Hindulaatti Terran - Winner!

Build Orders:  

Get SALT Encoding   

  12  0:01  SCV  
  13  0:13  SCV  
  14  0:18  Supply Depot  
  14  0:27  SCV  
  15  0:39  SCV  
  16  0:43  Barracks  
  16  0:52  SCV  
  16  0:56  Barracks  
  17  1:04  SCV  
  18  1:16  SCV  
  19  1:28  SCV  
  20  1:36  Marine  
  21  1:45  Orbital Command  
  21  1:46  Barracks  
  21  1:48  Barracks  
  21  1:54  Marine  
  21  1:55  Marine  
  23  2:07  Refinery  
  23  2:09  Refinery  
  23  2:10  Supply Depot  
  23  2:25  Supply Depot  
  23  2:31  Marine x2, SCV  
  26  2:42  Marine  
  28  2:45  Barracks Tech Lab  
  28  2:49  Marine x2  
  29  2:51  SCV  
  30  3:03  SCV  
  31  3:09  Marine x4  
  31  3:12  Combat Shields  
  35  3:15  SCV  
  36  3:27  Marine x3  
  39  3:55  Supply Depot  
  39  3:56  Supply Depot  
  39  4:12  Command Center  
  39  4:14  Marine  
  39  4:16  Marine x3  
  39  4:17  SCV  
  41  4:29  SCV  
  42  4:34  Marine x2  
  42  4:35  Supply Depot x2  
  44  4:41  SCV  
  42  4:53  Marine x2, SCV  
  42  4:54  Marine  
  45  5:05  SCV  
  45  5:08  Marine  
  45  5:11  Marine  
  46  5:17  SCV  
  47  5:27  Marine, Barracks Reactor  
  46  5:29  Marine  
  46  5:40  Barracks Reactor  
  46  5:41  SCV  
Tags
 
Add a new tag
Caveats
  • Supply blocks, unpowered buildings, or Contaminate may cause inaccurate times.
  • Supply counts are checked every 10 seconds.